 Dungeon Crawl Stone Soup version 0.19-a0-1490-g5dd3618 (webtiles) character file.

976 Gruud the Carver (level 7, 0/50 HPs)
             Began as a Demonspawn Gladiator on Sept 8, 2016.
             Slain by a hound (1 damage)
             ... on level 5 of the Dungeon.
             The game lasted 00:10:15 (4537 turns).

Gruud the Carver (Demonspawn Gladiator)             Turns: 4537, Time: 00:10:16

Health: 0/50       AC:  8    Str: 15    XL:     7   Next: 95%
Magic:  7/7        EV: 12    Int: 11    God:
Gold:   148        SH:  0    Dex: 14    Spells: 0 memorised, 6 levels left

rFire  + . .     SeeInvis .     a - +1 long sword
rCold  + . .     Gourm    .     y - +2 leather armour {rF+}
rNeg   . . .     Faith    .     (no shield)
rPois  +         Spirit   .     c - +0 helmet
rElec  .         Dismiss  .     (no cloak)
rCorr  .         Reflect  .     (no gloves)
MR     .....     Harm     .     (no boots)
Stlth  +.........               (no amulet)
                                x - ring of protection from cold
                                r - ring of poison resistance

@: no status effects
A: hooves 1, molten scales 1, powered by death 1
a: no special abilities


You were on level 5 of the Dungeon.
You were not hungry.

You visited 1 branch of the dungeon, and saw 6 of its levels.

You collected 148 gold pieces.

Inventory:

Hand Weapons
 a - a +1 long sword (weapon)
Missiles
 d - 2 throwing nets (quivered)
 g - 18 poisoned needles
Armour
 b - a +0 leather armour
 c - a +0 helmet (worn)
 o - a +1 scale mail
 s - a +0 shield
 y - a +2 leather armour of fire resistance (worn)
Jewellery
 r - a ring of poison resistance (left hand)
 x - a ring of protection from cold (right hand)
Scrolls
 e - 4 scrolls of remove curse
 i - 2 scrolls of noise
 k - a scroll of magic mapping
 n - a scroll of enchant weapon
 p - 2 scrolls of immolation
 q - 3 scrolls of teleportation
 t - 2 scrolls of recharging
Potions
 j - a potion of flight
 m - 3 potions of resistance
 u - a potion of might
 w - 2 potions of haste
Comestibles
 f - 4 bread rations
 h - 2 meat rations
 z - 7 chunks of flesh


   Skills:
 - Level 2.0 Fighting
 * Level 8.9 Long Blades
 - Level 1.7 Throwing
 - Level 2.6 Dodging


You had 6 spell levels left.
You didn't know any spells.

Dungeon Overview and Level Annotations

Branches:
Dungeon (6/15)
 Temple: D:4-7

Altars:

Shops:
D:4 %

Annotations:
D:5 Sigmund


Innate Abilities, Weirdness & Mutations

You have large cloven feet.
You are partially covered in molten scales. (AC +2)
You regenerate a little health from kills.


Message History

The water moccasin bites you but does no damage.
You closely miss the water moccasin.
You kick the water moccasin, but do no damage.
The water moccasin is almost dead.
The hound bites you but does no damage.
The water moccasin bites you but does no damage.
The hound bites you.
* * * LOW HITPOINT WARNING * * *
You closely miss the water moccasin.
You kick the water moccasin, but do no damage.
The water moccasin is almost dead.
The water moccasin bites you.
* * * LOW HITPOINT WARNING * * *
The hound bites you but does no damage. The water moccasin bites you.
* * * LOW HITPOINT WARNING * * *
You miss the water moccasin.
You kick the water moccasin, but do no damage.
The water moccasin is almost dead.
The hound bites you.
You die...

#.##...#####
...........#
#.....>.#.#
#.#####.#.#
#.#.# #.#.#
#.#.#
#§####.#.#
#§§..S@#.#
§≈≈###h##.#
.#####.##.#
...........#
#######.####
#.# #.# #.#
..#


You could see a water moccasin and a hound.

Vanquished Creatures
  A black bear (D:4)
  2 phantoms
  2 ogres (D:4)
  A scorpion (D:6)
  A howler monkey (D:6)
  2 hounds
  A jelly (D:5)
  An orc wizard (D:5)
  Terence (D:3)
  6 worker ants
  A hound skeleton (D:6)
  A gnoll (D:1)
  3 adders
  2 oozes
  An adder skeleton (D:4)
  2 worms (D:2)
  A dart slug (D:3)
  2 giant geckos
  15 orcs
  8 bats
  8 giant cockroaches
  7 goblins
  2 hobgoblins (D:1)
  10 jackals
  A quokka (D:6)
  2 ball pythons (D:1)
  A giant gecko skeleton (D:4)
  4 giant newts
  10 kobolds
  5 rats
  A toadstool (D:1)
105 creatures vanquished.

Vanquished Creatures (others)
  3 toadstools (D:1)
3 creatures vanquished.

Grand Total: 108 creatures vanquished

Notes
Turn   | Place    | Note
-------+----------+-------------------------------------------
     0 | D:1      | Gruud the Demonspawn Gladiator began the quest for the Orb.
     0 | D:1      | Reached XP level 1. HP: 16/16 MP: 1/1
    46 | D:1      | Reached skill level 3 in Long Blades
    90 | D:1      | Gained mutation: You regenerate a little health from kills. [demonic ancestry]
    90 | D:1      | Reached XP level 2. HP: 17/22 MP: 2/2
   213 | D:1      | Reached XP level 3. HP: 27/27 MP: 3/3
   811 | D:2      | Reached skill level 4 in Long Blades
  1458 | D:3      | Gained mutation: You have large cloven feet. [demonic ancestry]
  1458 | D:3      | Reached XP level 4. HP: 25/33 MP: 4/4
  1634 | D:3      | Noticed Terence
  1648 | D:3      | Killed Terence
  1648 | D:3      | Reached skill level 5 in Long Blades
  1924 | D:3      | Noticed a phantom
  1944 | D:3      | Killed a phantom
  1944 | D:3      | Reached XP level 5. HP: 5/38 MP: 5/5
  1955 | D:3      | HP: 1/38 [adder (1)]
  2222 | D:3      | Reached skill level 6 in Long Blades
  2665 | D:4      | Found Roemitu's Food Shoppe.
  2693 | D:4      | Reached XP level 6. HP: 37/44 MP: 6/6
  3139 | D:4      | Reached skill level 7 in Long Blades
  3232 | D:4      | Gained mutation: You are partially covered in molten scales. (AC +2) [demonic ancestry]
  3232 | D:4      | Reached XP level 7. HP: 17/50 MP: 7/7
  3854 | D:4      | Reached skill level 8 in Long Blades
  4048 | D:5      | Entered Level 5 of the Dungeon
  4223 | D:5      | Noticed Sigmund
  4536 | D:5      | HP: 1/50 [water moccasin (5)]
  4537 | D:5      | Slain by a hound

Vault maps used:
D:1:      ldierk_water_garden
D:3:      serial_bayou_pond_a, uniq_terence
D:4:      serial_shops, kennysheep_mini, serial_forest,
          infiniplex_forest_lined_4_way, infiniplex_forest_clump_curved,
          infiniplex_forest_straight_4, infiniplex_forest_clump_medium,
          infiniplex_forest_split, infiniplex_forest_straight_3,
          infiniplex_forest_lined_corner, first_bread
D:5:      grunt_temple_overflow_open, serial_shops, kennysheep_mini_moat,
          lightli_corner_chamber, uniq_menkaure, uniq_sigmund
D:6:      hangedman_abyss_or_decor_passed

Skill      XL: |  1  2  3  4  5  6  7 |
---------------+----------------------+-----
Long Blades    | 3 4 5 6 7 8 |  8.9
Fighting       | |  2.0
Throwing       | |  1.7
Dodging        | |  2.6

Action                   |  1- 3 |  4- 6 |  7- 9 || total
-------------------------+-------+-------+-------++-------
Melee: Long sword        |   123 |   209 |   146 ||   478
       Kick              |       |    52 |    49 ||   101
Throw: Throwing net      |       |     2 |     1 ||     3
  Use: Scroll            |    10 |     5 |     2 ||    17
       Potion            |       |     1 |     1 ||     2
  Eat: Chunk             |     1 |     6 |     5 ||    12
Armor: Leather armour    |    14 |       |    20 ||    34
       Scale mail        |    11 |    76 |    20 ||   107
Dodge: Dodged            |    71 |    97 |    65 ||   233
